 Dungeon Crawl Stone Soup version 0.25-a0-429-g4e4398398a (webtiles) character file.

Game seed: 6112332512998920661, levelgen mode: deterministic

519 LairdRich the Chopper (level 7, 0/62 HPs)
             Began as a Minotaur Berserker on Jan 25, 2020.
             Was a Priest of Trog.
             Slain by Edmund
             ... wielding a +2 flail of pain
              (6 damage)
             ... on level 5 of the Dungeon.
             The game lasted 00:06:13 (3748 turns).

LairdRich the Chopper (Minotaur Berserker)          Turns: 3748, Time: 00:06:14

Health: 0/62       AC: 13    Str: 24    XL:     7   Next: 1%
Magic:  6/6        EV: 11    Int:  4    God:    Trog [***...]
Gold:   232        SH:  0    Dex:  9    Spells: 6/6 levels left

rFire    + . .     SeeInvis .   g - +1 mace (protect)
rCold    x . .     Gourm    .   (no shield)
rNeg     . . .     Faith    .   i - +0 ring mail
rPois    .         Spirit   .   (helmet restricted)
rElec    .         Reflect  .   (no cloak)
rCorr    .         Harm     .   (no gloves)
MR       .....                  (no boots)
Stlth    ..........             (no amulet)
HPRegen  0.20/turn              r - ring of fire
MPRegen  0.10/turn              (no ring)

@: lethally poisoned (0 -> -3), protection aura
A: retaliatory headbutt, horns 2
a: Berserk, Trog's Hand, Renounce Religion


You were on level 5 of the Dungeon.
You worshipped Trog.
Trog was most pleased with you.
You were hungry.

You visited 1 branch of the dungeon, and saw 5 of its levels.

You collected 232 gold pieces.

Inventory:

Hand Weapons
 a - a +0 hand axe
 g - a +1 mace of protection (weapon)
Armour
 i - a +0 ring mail (worn)
Jewellery
 r - a ring of fire (left hand)
Scrolls
 b - a scroll of teleportation {unknown}
 d - 2 scrolls of amnesia {unknown}
 f - 2 scrolls of magic mapping {unknown}
 j - 3 scrolls of blinking {unknown}
 l - a scroll of enchant armour {unknown}
 m - 2 scrolls of identify {unknown}
 q - 2 scrolls of immolation {unknown}
Potions
 e - 2 potions of degeneration {unknown}
 h - 2 potions of curing {unknown}
 k - a potion of flight {unknown}
 n - a potion of mutation {unknown}
 o - 2 potions of heal wounds {unknown}
 p - 2 potions of cancellation {unknown}
 t - a potion of haste {unknown}
Comestibles
 c - 7 rations


   Skills:
 + Level 5.6 Fighting
 * Level 7.3 Axes
 + Level 4.9 Armour
 - Level 2.1 Dodging


You had 6 spell levels left.
You didn't know any spells.
Your spell library was empty.

Dungeon Overview and Level Annotations

Branches:
Dungeon (5/15)
 Temple: D:4-7

Altars:
Wu Jian

Annotations:
D:5 Edmund


Innate Abilities, Weirdness & Mutations

You reflexively headbutt those who attack you in melee.
You have a pair of horns on your head.


Message History

You feel sick. The worker ant closely misses you. The quokka barely misses you.
You furiously retaliate!
You headbutt the quokka.
You are feeling hungry.
You barely miss the worker ant. You headbutt the worker ant.
You kill the worker ant!
Trog accepts your kill.
You have reached level 7!
The quokka bites you but does no damage. x2
You hit the quokka but do no damage.
The quokka is severely wounded.
You feel sick.
Edmund hits you with a +2 flail of pain.
* * * LOW HITPOINT WARNING * * *
The quokka bites you.
* * * LOW HITPOINT WARNING * * *
You sock the quokka!
You kill the quokka!
Trog accepts your kill.
Edmund hits you with a +2 flail of pain.
You die...

###+######
..........
.........
.........
#...>..#
#....@)####+##
#.....@##....#
#......##....#
+............#
#....(..†....#
#............#
#............#
#########...##
#######...###...#
#....#..........#


You could see Edmund.

Vanquished Creatures
  A sky beast (D:5)
  A phantom (D:4)
  A howler monkey (D:4)
  An orc priest (D:2)
  A hound (D:4)
  An orc wizard (D:5)
  Terence (D:3)
  A worker ant (D:5)
  6 adders
  An ooze (D:4)
  4 worms
  3 dart slugs
  8 leopard geckos
  5 orcs
  3 ball pythons
  7 giant cockroaches
  6 goblins
  5 hobgoblins
  2 jackals (D:2)
  6 kobolds
  2 quokkas
  9 bats
  4 frilled lizards
  A giant cockroach zombie (D:5)
  A quokka skeleton (D:4)
  8 rats
89 creatures vanquished.

Notes
Turn   | Place    | Note
-------+----------+-------------------------------------------
     0 | D:1      | LairdRich the Minotaur Berserker began the quest for the
                  | Orb.
     0 | D:1      | Reached XP level 1. HP: 19/19 MP: 0/0
   532 | D:1      | Reached skill level 4 in Axes
   558 | D:1      | Reached XP level 2. HP: 27/27 MP: 1/1
  1433 | D:2      | Reached XP level 3. HP: 33/33 MP: 2/2
  1538 | D:2      | Reached ** piety under Trog
  2067 | D:2      | Reached XP level 4. HP: 40/40 MP: 3/3
  2110 | D:2      | Reached skill level 5 in Axes
  2709 | D:3      | Reached XP level 5. HP: 47/47 MP: 4/4
  2827 | D:3      | Reached *** piety under Trog
  2834 | D:3      | Noticed Terence
  2842 | D:3      | Killed Terence
  3264 | D:4      | Found an ornate altar of the Wu Jian Council.
  3272 | D:4      | Reached skill level 6 in Axes
  3349 | D:4      | Reached skill level 5 in Fighting
  3358 | D:4      | Noticed a phantom
  3380 | D:4      | Killed a phantom
  3380 | D:4      | Reached XP level 6. HP: 50/56 MP: 5/5
  3684 | D:5      | Entered Level 5 of the Dungeon
  3700 | D:5      | Noticed a sky beast
  3718 | D:5      | Killed a sky beast
  3718 | D:5      | Reached skill level 7 in Axes
  3742 | D:5      | Noticed Edmund
  3746 | D:5      | Reached XP level 7. HP: 13/62 MP: 6/6
  3748 | D:5      | Slain by Edmund

Levels and vault maps discovered:
D:1:      roderic_crop_circles_arrival_small, layout_basic,
          wander_ebering_terrifying_dragon_lair
D:2:      kennysheep_six_static_rooms, layout_basic, kennysheep_generic_room_8
D:3:      layout_basic, uniq_terence
D:4:      layout_cave_pools, lemuel_round_altar, first_ration
D:5:      layout_gridville, uniq_edmund, uniq_menkaure

Skill      XL: |  1  2  3  4  5  6 |
---------------+-------------------+-----
Axes           | 4 5 6 7 |  7.3
Fighting       | 4 5 |  5.6
Armour         | 3 4 |  4.9
Dodging        | |  2.1

Action                   |  1- 3 |  4- 6 |  7- 9 || total
-------------------------+-------+-------+-------++-------
Melee: Hand axe          |    23 |       |       ||    23
       Mace              |    79 |   118 |     2 ||   199
       Headbutt          |     7 |    18 |       ||    25
Invok: Trog's Hand       |       |     1 |       ||     1
  Eat: Chunk             |     4 |     5 |       ||     9
Armor: Leather armour    |     4 |       |       ||     4
       Animal skin       |     1 |       |       ||     1
       Ring mail         |    49 |    54 |     2 ||   105
Dodge: Dodged            |    63 |    64 |       ||   127

Table legend:
 A = Non-vault XP
 B = Vault XP
 C = Vault XP percentage of total XP
 D = Non-vault monster count
 E = Vault monster count
 F = Vault count percentage of total count
                 A         B        C        D         E       F
            +---------+---------+-------+---------+---------+-------
      Total |     687 |      55 |   7.4 |      81 |       8 |   9.0
            +---------+---------+-------+---------+---------+-------
        D:1 |      36 |       3 |   7.7 |      19 |       1 |   5.0
        D:2 |      99 |      16 |  13.9 |      23 |       6 |  20.7
        D:3 |      89 |      36 |  28.8 |      25 |       1 |   3.8
        D:4 |     255 |       0 |   0.0 |       8 |       0 |   0.0
        D:5 |     208 |       0 |   0.0 |       6 |       0 |   0.0
            +---------+---------+-------+---------+---------+-------
